[Event "Monday 22January Rapid Engine Tour 12+1 Rounds 9 Starts 1600 ST"]
[Site "Infinity Chess"]
[Date "2018.1.22"]
[Round "8"]
[White "Satria_Ungu"]
[Black "hafaba"]
[Result "1/2-1/2"]
[ECO "A40"]
[WhiteElo "2403"]
[BlackElo "2419"]
[WhiteEngine "Houdini 6_CTG"]
[BlackEngine "Stockfish SL FA POPCNT_CTG"]
[EventType "Swiss"]
[WhiteTeam ""]
[BlackTeam ""]
[PlyCount "245"]
[TimeControl "720+1"]

1. d4 c6 2. e4 d5 3. Nc3 dxe4 4. Nxe4 Bf5 5. Ng3 Bg6 6. Nf3 e6 7. Bd3 c5 
8. O-O Nf6 9. Bxg6 hxg6 10. Bg5 Nc6 11. dxc5 Qxd1 12. Raxd1 Bxc5 13. h3 O-O 
14. Rd3 Rfd8 15. Rfd1 Rxd3 16. Rxd3 Rc8 17. c3 b5 18. Kf1 Kf8 19. Rd1 a5 
20. Rc1 Ke8 21. Re1 a4 22. Nd2 Rd8 23. Nge4 Be7 24. g3 Ne5 25. Ke2 Nxe4 
26. Nxe4 Bxg5 27. Nxg5 Nc4 28. b3 Rd2+ 29. Kf3 Nd6 30. Re2 Rd3+ 31. Re3 Rd2 
32. Re2 Rd1 33. Ne4 Nxe4 34. Kxe4 a3 35. c4 b4 36. h4 Kd7 37. Re3 Ra1 
38. Re2 Rd1 39. Ke3 Ra1 40. Rd2+ Kc6 41. Kf4 Kb7 42. Ke3 Re1+ 43. Kf3 Kb6 
44. Rd8 Kc7 45. Rd2 Ra1 46. Re2 Rc1 47. Ke4 Kb6 48. Kf4 Rc3 49. Ke5 Kc5 
50. Rd2 Rc1 51. Kf4 Re1 52. Kf3 Rg1 53. Ke4 Rc1 54. Kf3 Re1 55. Rd8 Rh1 
56. Rd2 Ra1 57. Kg2 Re1 58. Kf3 Rc1 59. Ke3 Rh1 60. Rd7 Re1+ 61. Kf3 e5 
62. Rd2 Ra1 63. Ke2 Kc6 64. Kf3 Rb1 65. Ke3 Rc1 66. Ke2 Rb1 67. Kd3 Re1 
68. Re2 Ra1 69. Rc2 Rh1 70. Ke3 Kc5 71. Kf3 Rd1 72. Ke4 Re1+ 73. Kf3 Kb6 
74. Re2 Ra1 75. Ke4 Rb1 76. Rc2 Kc5 77. Rd2 Kc6 78. Ke3 Rb2 79. Re2 e4 
80. f3 exf3 81. Kxf3 Kc5 82. Ke3 Rb1 83. Rd2 Ra1 84. Rg2 Kc6 85. Rf2 Kc5 
86. Rd2 Kc6 87. Kf4 Rg1 88. Rf2 Rd1 89. Re2 Rd3 90. Rh2 Kc5 91. Rf2 Kd4 
92. Re2 Kc5 93. Rf2 Kd4 94. Re2 f6 95. Rc2 g5+ 96. hxg5 fxg5+ 97. Kxg5 Rxg3+ 
98. Kf4 Rd3 99. Kf5 Re3 100. Rd2+ Kc3 101. Rg2 Kd3 102. Kf4 Re7 103. Kf5 Re1 
104. Kf4 Re7 105. Kf5 Kc3 106. Kf4 Re8 107. Rh2 g6 108. Kg5 Re1 109. Kxg6 Rb1 
110. c5 Rb2 111. Rh3+ Kd4 112. c6 Rc2 113. Rh4+ Kd5 114. Rxb4 Rxc6+ 115. Kf7 Rc2 
116. Ra4 Rxa2 117. Ke8 Kc6 118. Ke7 Re2+ 119. Kf6 a2 120. Ra5 Kd6 121. Ra6+ Kc5 
122. Ra4 Kb5 123. Kf7 1/2-1/2

[Event "Monday 22January Rapid Engine Tour 12+1 Rounds 9 Starts 1600 ST"]
[Site "Infinity Chess"]
[Date "2018.1.22"]
[Round "8"]
[White "OlivierEvan"]
[Black "ivrdurant"]
[Result "1/2-1/2"]
[ECO "D20"]
[WhiteElo "2394"]
[BlackElo "2384"]
[WhiteEngine "Houdini 6"]
[BlackEngine "Raubfisch X37b3._CTG"]
[EventType "Swiss"]
[WhiteTeam ""]
[BlackTeam ""]
[PlyCount "84"]
[TimeControl "720+1"]

1. d4 d5 2. c4 dxc4 3. e3 Nf6 4. Nf3 e6 5. Bxc4 c5 6. O-O a6 7. Bb3 b5 8. a4 Bb7 
9. axb5 axb5 10. Rxa8 Bxa8 11. Nc3 b4 12. Ne2 Nbd7 13. Ba4 Be7 14. dxc5 Bxf3 
15. gxf3 Bxc5 16. b3 O-O 17. Bb2 Qc7 18. Ng3 Qb7 19. Qc2 Rc8 20. Rc1 Qxf3 
21. Qd2 Nf8 22. Bd4 Qd5 23. Qc2 N8d7 24. Bxd7 Nxd7 25. Ne4 h6 26. f3 Rc7 
27. Nxc5 Qxf3 28. Qb2 Qg4+ 29. Kh1 e5 30. Nxd7 Rxd7 31. Rc8+ Kh7 32. Qc2+ f5 
33. Qc6 exd4 34. Qxd7 Qf3+ 35. Kg1 dxe3 36. Rc2 e2 37. Rxe2 Qxe2 38. Qxf5+ Kg8 
39. Qc8+ Kf7 40. Qf5+ Kg8 41. Qc8+ Kf7 42. Qf5+ Kg8 1/2-1/2

[Event "Monday 22January Rapid Engine Tour 12+1 Rounds 9 Starts 1600 ST"]
[Site "Infinity Chess"]
[Date "2018.1.22"]
[Round "8"]
[White "Thinker"]
[Black "Prometheus"]
[Result "1/2-1/2"]
[ECO "C11"]
[WhiteElo "2420"]
[BlackElo "2432"]
[WhiteEngine "BrainFish_180113_x64_modern_CTG"]
[BlackEngine "Eman 1.58-64bit-IDeA"]
[EventType "Swiss"]
[WhiteTeam ""]
[BlackTeam ""]
[PlyCount "141"]
[TimeControl "720+1"]

1. e4 e6 2. d4 d5 3. Nc3 Nf6 4. e5 Nfd7 5. f4 c5 6. Nf3 Nc6 7. Be3 Qb6 
8. Na4 Qa5+ 9. c3 cxd4 10. b4 Qc7 11. Nxd4 Nxd4 12. Bxd4 Be7 13. Bd3 b6 
14. O-O g6 15. Rc1 Bb7 16. Qe2 O-O 17. f5 exf5 18. e6 fxe6 19. Qxe6+ Rf7 
20. Bxf5 Bf6 21. Bxf6 Nf8 22. Bd4 gxf5 23. Qe2 Qd7 24. Nb2 Re8 25. Qd2 Ba6 
26. Rf2 Ng6 27. a4 f4 28. b5 Bc8 29. Nd3 Qg4 30. Re1 Re4 31. Nb4 Qg5 32. Nc6 Bd7 
33. Ref1 Bxc6 34. bxc6 Qd8 35. a5 bxa5 36. Qb2 Qd6 37. Qb5 Ne7 38. Bc5 Qxc6 
39. Qxa5 Ng6 40. Bxa7 Ra4 41. Qc5 Qe6 42. Qb6 Qc8 43. Qb8 Qxb8 44. Bxb8 Rc4 
45. Rf3 Rf8 46. Rb1 Rfc8 47. Rb3 d4 48. cxd4 Rxd4 49. Rb2 Rd1+ 50. Kf2 Rc4 
51. Ra3 Rh1 52. Ra7 Rhc1 53. g3 R4c2+ 54. Rxc2 Rxc2+ 55. Kf3 fxg3 56. hxg3 Rc6 
57. Ke4 Rf6 58. g4 Rb6 59. Bg3 Rb4+ 60. Kf5 Rb5+ 61. Kf6 Rb6+ 62. Kg5 Rb3 
63. Bd6 Rf3 64. Ba3 Re3 65. Bb2 Re2 66. Rg7+ Kf8 67. Bf6 Ne7 68. Rxh7 Nd5 
69. Rd7 Nxf6 70. Kxf6 Kg8 71. g5 1/2-1/2

[Event "Monday 22January Rapid Engine Tour 12+1 Rounds 9 Starts 1600 ST"]
[Site "Infinity Chess"]
[Date "2018.1.22"]
[Round "8"]
[White "KhalidOmar"]
[Black "Dovahkiin"]
[Result "1/2-1/2"]
[ECO "D30"]
[WhiteElo "2460"]
[BlackElo "2423"]
[WhiteEngine "Eman 1.66 64-bit BMI2"]
[BlackEngine "BrainFish_180113_x64_modern_CTG"]
[EventType "Swiss"]
[WhiteTeam ""]
[BlackTeam ""]
[PlyCount "186"]
[TimeControl "720+1"]

1. d4 d5 2. c4 e6 3. Nf3 Nf6 4. Nc3 c6 5. e3 Nbd7 6. Qc2 Bd6 7. Bd3 O-O 
8. O-O dxc4 9. Bxc4 a6 10. Rd1 b5 11. Bd3 Qc7 12. Bd2 c5 13. Ne4 c4 
14. Nxd6 Qxd6 15. Be2 Bb7 16. b3 Bd5 17. Ba5 Rfc8 18. Qb2 Ne4 19. Rdc1 f5 
20. Rc2 Rc6 21. bxc4 Bxc4 22. Bb4 Qd5 23. Rac1 Rac8 24. Bd1 g5 25. Qa3 g4 
26. Nh4 Kh8 27. f3 gxf3 28. Bxf3 Nb6 29. g3 Qd7 30. Bxe4 fxe4 31. Rf2 Bd3 
32. Rxc6 Qxc6 33. Bc5 Na4 34. Qb3 Qd5 35. Qxd5 exd5 36. Bb4 Rc1+ 37. Kg2 Rc2 
38. Rxc2 Bxc2 39. Nf5 Nb2 40. g4 Nc4 41. Bc5 a5 42. Kg3 b4 43. g5 Bb1 
44. h4 Bxa2 45. h5 b3 46. Nh6 b2 47. Be7 Kg7 48. Bf6+ Kf8 49. g6 hxg6 
50. hxg6 b1=Q 51. g7+ Ke8 52. g8=Q+ Kd7 53. Qd8+ Kc6 54. Nf5 Qg1+ 55. Kf4 Qh2+ 
56. Kg5 Nd6 57. Nxd6 Qxd6 58. Qxa5 Qg3+ 59. Kf5 Qf3+ 60. Kg6 Qg4+ 61. Bg5 Qe6+ 
62. Bf6 Qg4+ 63. Bg5 Qe6+ 64. Bf6 Bc4 65. Kg7 Kb7 66. Qb4+ Ka6 67. Qa3+ Kb7 
68. Qa4 Qd6 69. Bh4 Qc7+ 70. Kf8 Qd6+ 71. Kf7 Be2 72. Qb3+ Kc6 73. Qc2+ Bc4 
74. Bf6 Qb4 75. Be7 Qb5 76. Qh2 Kb7 77. Kf6 Qb6+ 78. Qd6 Qxd6+ 79. Bxd6 Kc6 
80. Ba3 Kd7 81. Be7 Be2 82. Bb4 Kc6 83. Be1 Bc4 84. Bg3 Bb3 85. Be1 Bc4 
86. Bd2 Be2 87. Ke5 Bg4 88. Bc1 Bf3 89. Bb2 Bd1 90. Ba1 Be2 91. Bb2 Bd1 
92. Ba1 Be2 93. Bb2 Bd1 1/2-1/2

[Event "Monday 22January Rapid Engine Tour 12+1 Rounds 9 Starts 1600 ST"]
[Site "Infinity Chess"]
[Date "2018.1.22"]
[Round "8"]
[White "KULLANI"]
[Black "MarioDeMonti"]
[Result "0-1"]
[ECO "B90"]
[WhiteElo "2441"]
[BlackElo "2461"]
[WhiteEngine "asmfish-popcnt-012018-W_CTG"]
[BlackEngine "stockfish_x64_bmi2_2018_01_13_CTG"]
[EventType "Swiss"]
[WhiteTeam ""]
[BlackTeam ""]
[PlyCount "168"]
[TimeControl "720+1"]

1. e4 c5 2. Nf3 d6 3. d4 cxd4 4. Nxd4 Nf6 5. Nc3 a6 6. Be3 e5 7. Nb3 Be6 
8. f3 h5 9. Qd2 Nbd7 10. Nd5 Bxd5 11. exd5 g6 12. Be2 Bg7 13. O-O b6 14. c4 O-O 
15. Rae1 Re8 16. Bf2 Qc7 17. Bd3 Kh7 18. a4 Bh6 19. Qd1 Rab8 20. Re2 Bg5 
21. Qe1 Nc5 22. Nxc5 bxc5 23. Bc2 Kg7 24. b3 Qd7 25. Qa5 h4 26. Qxa6 Nh5 
27. Be1 Nf4 28. Ref2 Nh5 29. Re2 Ra8 30. Qc6 Qe7 31. Bc3 Rec8 32. Qb6 Rcb8 
33. Qc6 Rc8 34. Qb6 Rcb8 35. Qc6 Qd8 36. f4 Bxf4 37. a5 Ra7 38. Rf3 f5 
39. Re1 Kh6 40. Bd1 Bg5 41. Qa4 Nf6 42. Bc2 e4 43. Rff1 Ng4 44. Qa1 Ne3 
45. Rf2 Nxc2 46. Rxc2 Rxb3 47. g3 h3 48. Ree2 e3 49. Qf1 Bf6 50. Qxh3+ Kg7 
51. Rxe3 Rxc3 52. Rcxc3 Bxc3 53. Rxc3 Qxa5 54. Rf3 Qa1+ 55. Qf1 Qd4+ 
56. Qf2 Qxc4 57. Qb2+ Qd4+ 58. Qxd4+ cxd4 59. Rd3 Ra4 60. Rb3 Kf6 61. Rb2 Ke5 
62. Kf2 Ke4 63. Re2+ Kxd5 64. Rd2 Ra3 65. Ke1 Ke4 66. Rb2 g5 67. Kf2 f4 
68. g4 Re3 69. Rb4 f3 70. Kg3 Re2 71. Rb5 d3 72. Rb4+ Ke3 73. Rb3 f2 74. Kg2 Rc2 
75. Ra3 Ke2 76. Ra1 d2 77. Rf1 Ke3 78. Kh3 Rc1 79. Rxf2 d1=Q 80. Rf5 Rc2 
81. Rf6 Qd5 82. Re6+ Qxe6 83. Kg3 Qe5+ 84. Kh3 Rxh2# 0-1

[Event "Monday 22January Rapid Engine Tour 12+1 Rounds 9 Starts 1600 ST"]
[Site "Infinity Chess"]
[Date "2018.1.22"]
[Round "8"]
[White "Eman"]
[Black "star99"]
[Result "1/2-1/2"]
[ECO "A46"]
[WhiteElo "2474"]
[BlackElo "2428"]
[WhiteEngine "Eman 1.66 64-bit POPCNT"]
[BlackEngine "Cryptic AIL V1"]
[EventType "Swiss"]
[WhiteTeam ""]
[BlackTeam ""]
[PlyCount "112"]
[TimeControl "720+1"]

1. d4 Nf6 2. Nf3 d5 3. c4 e6 4. Nc3 Bb4 5. Qa4+ Nc6 6. e3 O-O 7. Qc2 Ne7 
8. Bd2 b6 9. a3 Bxc3 10. Bxc3 dxc4 11. Bxc4 Bb7 12. Rc1 Ned5 13. O-O Nxc3 
14. Qxc3 Qe7 15. Be2 Rfc8 16. b4 c5 17. dxc5 bxc5 18. Qb2 cxb4 19. axb4 Rcb8 
20. Qd4 a5 21. bxa5 Rxa5 22. Rfd1 h6 23. Ne5 Rd5 24. Qa1 Nd7 25. Rc7 Qg5 
26. Nf3 Rxd1+ 27. Qxd1 Bxf3 28. Bxf3 Ne5 29. Be2 Qf5 30. f4 Ng6 31. g3 Nf8 
32. Rc1 e5 33. Qc2 Qe6 34. Bc4 Qe7 35. Qe4 Re8 36. Bd5 exf4 37. Qxe7 Rxe7 
38. exf4 g6 39. Kf2 Ne6 40. Bxe6 Rxe6 41. Kf3 Rb6 42. f5 Kg7 43. fxg6 Kxg6 
44. Ke3 Rb5 45. Rc6+ f6 46. h3 Rh5 47. h4 Re5+ 48. Kd2 Re4 49. Rd6 Kf5 
50. Ra6 h5 51. Rc6 Kg4 52. Kd3 Re5 53. Rxf6 Kxg3 54. Kd2 Kxh4 55. Rg6 Rf5 
56. Rg1 Kh3 1/2-1/2

[Event "Monday 22January Rapid Engine Tour 12+1 Rounds 9 Starts 1600 ST"]
[Site "Infinity Chess"]
[Date "2018.1.22"]
[Round "8"]
[White "RonWeasley"]
[Black "SkyPilot"]
[Result "1-0"]
[ECO "C53"]
[WhiteElo "2491"]
[BlackElo "2480"]
[WhiteEngine "BrainFish 130117_CTG"]
[BlackEngine "stockfish_x64_bmi2_2018_01_13_CTG"]
[EventType "Swiss"]
[WhiteTeam ""]
[BlackTeam ""]
[PlyCount "71"]
[TimeControl "720+1"]

1. e4 e5 2. Nf3 Nc6 3. Bc4 Bc5 4. c3 Nf6 5. d3 d6 6. Bb3 a6 7. Nbd2 O-O 
8. O-O Ba7 9. Re1 h6 10. Nf1 Na5 11. Bc2 c5 12. h3 b5 13. Ng3 Nc6 14. Be3 d5 
15. Qc1 dxe4 16. dxe4 Qc7 17. Bxh6 gxh6 18. Qxh6 Nh7 19. Nh5 f6 20. Red1 Nd8 
21. c4 Ne6 22. Bb3 Rf7 23. Nh4 Neg5 24. cxb5 Be6 25. Bxe6 Nxe6 26. bxa6 c4 
27. Rac1 Nf4 28. Rc2 Raf8 29. Nf5 Kh8 30. Kh2 Qc6 31. Nxf4 exf4 32. Rcd2 f3 
33. Nh4 Bb8+ 34. g3 Kg8 35. Qh5 Bc7 36. a7 1-0

[Event "Monday 22January Rapid Engine Tour 12+1 Rounds 9 Starts 1600 ST"]
[Site "Infinity Chess"]
[Date "2018.1.22"]
[Round "8"]
[White "xeonrocks"]
[Black "CrapCleaner"]
[Result "1/2-1/2"]
[ECO "C53"]
[WhiteElo "2543"]
[BlackElo "2469"]
[WhiteEngine "asmFishW_CTG"]
[BlackEngine "Raubfisch ME262_GTZ16b3._CTG"]
[EventType "Swiss"]
[WhiteTeam ""]
[BlackTeam ""]
[PlyCount "135"]
[TimeControl "720+1"]

1. e4 e5 2. Nf3 Nc6 3. Bc4 Bc5 4. c3 Nf6 5. d4 exd4 6. e5 d5 7. Bb5 Ne4 
8. cxd4 Bb6 9. O-O Bg4 10. a4 a6 11. Bxc6+ bxc6 12. Nc3 O-O 13. h3 Bh5 
14. Be3 Rb8 15. Rc1 Ba5 16. Ne2 Rxb2 17. Rc2 Rb6 18. Nf4 Bg6 19. e6 Qe8 
20. exf7+ Bxf7 21. Ne5 Be6 22. Nxe6 Qxe6 23. Qd3 Rfb8 24. Rd1 c5 25. dxc5 Rb1 
26. Nf3 R8b3 27. Qf1 Nc3 28. Rdc1 Rxc1 29. Rxc1 Ra3 30. Nd4 Qg6 31. Ra1 Rxa1 
32. Qxa1 h6 33. Qb2 Nd1 34. Qe2 Nxe3 35. Qxe3 Qb1+ 36. Kh2 Qe1 37. Kg3 Qxe3+ 
38. fxe3 Kf7 39. e4 Bc3 40. Nc6 d4 41. Ne5+ Ke6 42. Nd3 Bd2 43. h4 g6 44. Kf3 c6 
45. g3 h5 46. Ke2 Bc3 47. Nf4+ Kf6 48. Kd3 Bb4 49. Kxd4 Be1 50. e5+ Kf5 
51. e6 Bf2+ 52. Kc4 Kf6 53. e7 Kxe7 54. Nxg6+ Ke8 55. Ne5 Bxg3 56. Nxc6 Bxh4 
57. Kd5 Be1 58. Kd4 h4 59. Ke4 h3 60. Kf3 Kf7 61. Nd4 h2 62. Kg2 Bf2 
63. Nf3 Bxc5 64. a5 Ke6 65. Nxh2 Be7 66. Ng4 Bb4 67. Ne3 Kd6 68. Kf1 1/2-1/2

[Event "Monday 22January Rapid Engine Tour 12+1 Rounds 9 Starts 1600 ST"]
[Site "Infinity Chess"]
[Date "2018.1.22"]
[Round "8"]
[White "Katzenmaier"]
[Black "Marsell"]
[Result "1/2-1/2"]
[ECO "A06"]
[WhiteElo "2467"]
[BlackElo "2504"]
[WhiteEngine "SugaR XPrO x64 POPCNT_CTG"]
[BlackEngine "asmFishW_2018-01-11_popcnt"]
[EventType "Swiss"]
[WhiteTeam ""]
[BlackTeam ""]
[PlyCount "141"]
[TimeControl "720+1"]

1. Nf3 d5 2. d4 Nf6 3. c4 e6 4. e3 c6 5. b3 c5 6. Bb2 cxd4 7. Nxd4 Nc6 
8. Nc3 Bc5 9. Rc1 Nxd4 10. exd4 Bd6 11. c5 Bf4 12. Rc2 O-O 13. g3 Bc7 
14. Bg2 Bd7 15. O-O a6 16. a3 b6 17. Na2 bxc5 18. dxc5 a5 19. Qa1 Bc6 
20. Re1 Re8 21. b4 axb4 22. Nxb4 Bb5 23. Bd4 Ra5 24. Rd2 h5 25. Bc3 Ba4 
26. c6 Ra8 27. Rde2 Ra5 28. Qb2 h4 29. Bd4 hxg3 30. hxg3 Ng4 31. Qd2 Bb5 
32. Nxd5 Bxe2 33. Nxc7 Qxc7 34. Qxe2 Nf6 35. Rb1 Nd5 36. Qg4 e5 37. Qd7 Rd8 
38. Qxc7 Nxc7 39. Bc3 Rc5 40. Bb4 Rb5 41. Rc1 g6 42. g4 Rc8 43. Bd6 Kg7 
44. a4 Ra5 45. g5 e4 46. Rc4 Rxg5 47. Rxe4 Rd5 48. Be5+ Kg8 49. Bg3 Rc5 
50. Re1 Ne6 51. Ra1 Ra5 52. Bd6 g5 53. Kf1 Kg7 54. Bb4 Ra6 55. Bc3+ Kf8 
56. a5 Nd8 57. Be4 Nxc6 58. Bd3 Ra7 59. a6 Rd8 60. Bb5 Rd6 61. Ra4 f6 
62. Kg2 Kg8 63. Bb2 Kg7 64. Bf1 Nb8 65. Bd4 Raxa6 66. Bxa6 Nxa6 67. f4 gxf4 
68. Bxf6+ Rxf6 69. Kf3 Nb4 70. Rxb4 Ra6 71. Re4 1/2-1/2

[Event "Monday 22January Rapid Engine Tour 12+1 Rounds 9 Starts 1600 ST"]
[Site "Infinity Chess"]
[Date "2018.1.22"]
[Round "8"]
[White "Longin"]
[Black "Wolle"]
[Result "1/2-1/2"]
[ECO "C53"]
[WhiteElo "2452"]
[BlackElo "2508"]
[WhiteEngine "S_XPrO.251117.x64.POPCNT_CTG"]
[BlackEngine "Raubfisch X37a2_CTG"]
[EventType "Swiss"]
[WhiteTeam ""]
[BlackTeam ""]
[PlyCount "122"]
[TimeControl "720+1"]

1. e4 e5 2. Nf3 Nc6 3. Bc4 Bc5 4. c3 Nf6 5. d3 d6 6. O-O a5 7. Re1 O-O 
8. Nbd2 Ng4 9. Re2 Nf6 10. Re1 Ng4 11. Re2 Nf6 12. Nf1 Bb6 13. h3 Be6 
14. Bb5 Ne7 15. Ng3 c6 16. Ba4 Ng6 17. d4 Bc7 18. Bc2 h6 19. a4 Re8 20. Re1 Rc8 
21. Bd2 Qe7 22. b3 Rcd8 23. Rb1 Bd7 24. b4 axb4 25. cxb4 exd4 26. Nxd4 Qf8 
27. f4 d5 28. e5 Ne4 29. Bxe4 dxe4 30. Rxe4 Bc8 31. Qb3 Nxe5 32. fxe5 Bxe5 
33. Rxe5 Rxe5 34. Nf3 Red5 35. Bc3 Qd6 36. Ne4 Qf4 37. Nf2 Re8 38. Qb2 Bf5 
39. Ra1 f6 40. Re1 Rxe1+ 41. Bxe1 Bg6 42. Bd2 Qc4 43. a5 h5 44. Nd1 Rd3 
45. Ne3 Qb5 46. Qc1 Be4 47. Kf2 Kf7 48. Ne1 Rb3 49. Qd1 Ra3 50. Qc1 Ra2 
51. Qc3 g5 52. Kg1 Qe5 53. Qxe5 fxe5 54. Nc4 Ke6 55. Bxg5 Ra4 56. Bd2 c5 
57. Nb6 Ra2 58. Bc3 Ra3 59. Bd2 Ra2 60. Bc3 Ra3 61. Bd2 Ra2 1/2-1/2

[Event "Monday 22January Rapid Engine Tour 12+1 Rounds 9 Starts 1600 ST"]
[Site "Infinity Chess"]
[Date "2018.1.22"]
[Round "7"]
[White "Satria_Ungu"]
[Black "OlivierEvan"]
[Result "1/2-1/2"]
[ECO "A06"]
[WhiteElo "2403"]
[BlackElo "2394"]
[WhiteEngine "Houdini 6_CTG"]
[BlackEngine "Houdini 6"]
[EventType "Swiss"]
[WhiteTeam ""]
[BlackTeam ""]
[PlyCount "103"]
[TimeControl "720+1"]

1. Nf3 d5 2. d4 Nf6 3. c4 e6 4. Nc3 Be7 5. Bf4 O-O 6. Rc1 Nbd7 7. cxd5 exd5 
8. e3 Nb6 9. h3 Bf5 10. Nh4 Be6 11. Bd3 Ne4 12. Nf3 Nxc3 13. bxc3 Bd6 
14. Bxd6 Qxd6 15. O-O g6 16. Re1 Rfe8 17. Qb3 Re7 18. Rb1 c5 19. Qa3 Rc7 
20. Ng5 Qe7 21. Nxe6 Qxe6 22. h4 Kg7 23. g3 c4 24. Bf1 Nd7 25. Rb5 Qc6 
26. Qb2 a6 27. Rb4 b5 28. a4 Nf6 29. axb5 axb5 30. Rxb5 Rca7 31. Rb6 Qc7 
32. Bg2 Ra2 33. Qb4 Rxf2 34. Kxf2 Ra2+ 35. Re2 Ng4+ 36. Kf3 Rxe2 37. Kxg4 Rxg2 
38. Qd6 Qxd6 39. Rxd6 Rf2 40. Rxd5 f5+ 41. Kh3 Rc2 42. Rd7+ Kf6 43. Rxh7 Rxc3 
44. Rc7 Rxe3 45. Rxc4 f4 46. Rc6+ Kf5 47. Rc5+ Ke4 48. Rg5 Kxd4 49. Rxg6 Rxg3+ 
50. Rxg3 fxg3 51. h5 g2 52. Kxg2 1/2-1/2

[Event "Monday 22January Rapid Engine Tour 12+1 Rounds 9 Starts 1600 ST"]
[Site "Infinity Chess"]
[Date "2018.1.22"]
[Round "7"]
[White "hafaba"]
[Black "ocirema"]
[Result "1/2-1/2"]
[ECO "A05"]
[WhiteElo "2419"]
[BlackElo "2428"]
[WhiteEngine "Stockfish SL FA POPCNT_CTG"]
[BlackEngine "asmfish-popcnt-012018-W_CTG"]
[EventType "Swiss"]
[WhiteTeam ""]
[BlackTeam ""]
[PlyCount "125"]
[TimeControl "720+1"]

1. Nf3 Nf6 2. d4 d5 3. c4 e6 4. Nc3 c6 5. e3 Nbd7 6. Qc2 Bd6 7. b3 O-O 8. Be2 b6 
9. O-O Bb7 10. Bb2 Qe7 11. Rfe1 h6 12. cxd5 cxd5 13. Nb5 Rfc8 14. Qb1 Bb4 
15. Rc1 Rxc1+ 16. Qxc1 Qd8 17. Ba3 Rc8 18. Qb2 Bxa3 19. Nxa3 a6 20. Rc1 b5 
21. Nb1 Rxc1+ 22. Qxc1 b4 23. a3 a5 24. axb4 axb4 25. Ne1 Qa5 26. Nd2 Ne4 
27. Nxe4 dxe4 28. Nc2 Nf6 29. Qa1 Qxa1+ 30. Nxa1 Kf8 31. Nc2 Bd5 32. f3 Bxb3 
33. Nxb4 Ke7 34. Nc6+ Kd6 35. Ne5 Ke7 36. Kf2 Bd5 37. Nc4 g5 38. Ne5 h5 
39. g3 exf3 40. Bxf3 Ne4+ 41. Ke1 g4 42. Bg2 Kf6 43. Nd3 Bb7 44. Bxe4 Bxe4 
45. Nc5 Kf5 46. Kd2 Bc6 47. Kd3 Bb5+ 48. Kc3 Bc6 49. Kc2 h4 50. Kd3 hxg3 
51. hxg3 Bb5+ 52. Kc3 Bc6 53. Kd3 Kf6 54. e4 Ke7 55. Ke3 f5 56. d5 exd5 
57. exf5 d4+ 58. Kf4 Kf6 59. Kxg4 d3 60. Nxd3 Be4 61. Nc5 Bxf5+ 62. Kf4 Bg6 
63. Nd7+ 1/2-1/2

[Event "Monday 22January Rapid Engine Tour 12+1 Rounds 9 Starts 1600 ST"]
[Site "Infinity Chess"]
[Date "2018.1.22"]
[Round "7"]
[White "RonWeasley"]
[Black "Victorious"]
[Result "1-0"]
[ECO "C53"]
[WhiteElo "2475"]
[BlackElo "2476"]
[WhiteEngine "BrainFish 130117_CTG"]
[BlackEngine "BugChess2.41_Release"]
[EventType "Swiss"]
[WhiteTeam ""]
[BlackTeam ""]
[PlyCount "183"]
[TimeControl "720+1"]

1. e4 e5 2. Nf3 Nc6 3. Bc4 Bc5 4. c3 Nf6 5. d3 O-O 6. O-O d6 7. Bb3 a5 8. Bg5 h6 
9. Bh4 g5 10. Bg3 g4 11. Nh4 Nh5 12. a4 Qg5 13. Nd2 Kh8 14. Qe2 Be6 15. Rae1 Ne7 
16. Qd1 Nxg3 17. hxg3 Ng6 18. Nf5 h5 19. Bc2 Ba7 20. d4 Rae8 21. f4 exf4 
22. gxf4 Nxf4 23. g3 Nh3+ 24. Kh2 f6 25. Nh4 Qh6 26. Bd3 Bb8 27. Nc4 Qg5 
28. Ne3 c6 29. d5 cxd5 30. exd5 Bf7 31. Nef5 Re5 32. Ne7 Re8 33. Neg6+ Bxg6 
34. Nxg6+ Kg7 35. Nxe5 Rxe5 36. Kg2 Bc7 37. Re4 Bd8 38. Qe2 b6 39. Rd1 Kf8 
40. Rxe5 dxe5 41. Qd2 Qxd2+ 42. Rxd2 Ke7 43. Bg6 Bc7 44. Rd1 h4 45. Re1 hxg3 
46. Kxg3 e4+ 47. Kh4 Nf2 48. Bxe4 Kd6 49. Bg2 Kd7 50. Re2 Nd3 51. Kxg4 Be5 
52. Be4 Nc5 53. Bc2 Ke7 54. Kf5 Nb7 55. Bd3 Nd6+ 56. Kg6 Nc8 57. Ba6 Nd6 
58. Re1 Ne8 59. Rd1 Nc7 60. Bb5 Bf4 61. Kf5 Be5 62. Be2 Ne8 63. Rh1 Nd6+ 
64. Kg6 Ne4 65. Rh8 Kd7 66. Bb5+ Kd6 67. Rd8+ Kc7 68. Rd7+ Kb8 69. Kf7 Nc5 
70. Rd8+ Kc7 71. Ke7 Ne4 72. Rd7+ Kb8 73. d6 f5 74. Rd8+ Kb7 75. Ke6 Bxd6 
76. Rxd6 Kc8 77. Rd7 Nc5+ 78. Kd6 Nxd7 79. Bxd7+ Kb7 80. Bxf5 b5 81. Bd7 bxa4 
82. Bxa4 Ka8 83. Kc7 Ka7 84. Bb5 a4 85. Bxa4 Ka6 86. Bc6 Ka7 87. b4 Ka6 
88. b5+ Ka5 89. b6 Ka6 90. b7 Ka5 91. b8=R Ka6 92. Ra8# 1-0

[Event "Monday 22January Rapid Engine Tour 12+1 Rounds 9 Starts 1600 ST"]
[Site "Infinity Chess"]
[Date "2018.1.22"]
[Round "7"]
[White "ivrdurant"]
[Black "Dovahkiin"]
[Result "1/2-1/2"]
[ECO "B90"]
[WhiteElo "2382"]
[BlackElo "2425"]
[WhiteEngine "Raubfisch X37b3._CTG"]
[BlackEngine "BrainFish_180113_x64_modern_CTG"]
[EventType "Swiss"]
[WhiteTeam ""]
[BlackTeam ""]
[PlyCount "88"]
[TimeControl "720+1"]

1. e4 c5 2. Nf3 d6 3. d4 cxd4 4. Nxd4 Nf6 5. Nc3 a6 6. Be3 e5 7. Nb3 Be6 
8. f3 h5 9. Be2 Nbd7 10. Nd5 Bxd5 11. exd5 g6 12. Qd2 Bg7 13. O-O b6 14. c4 O-O 
15. Rae1 Re8 16. Kh1 Rc8 17. Qd1 a5 18. a4 Rb8 19. Qd2 Rb7 20. Bg5 Qb8 
21. Nc1 Nh7 22. Be3 Nc5 23. Bd1 e4 24. g4 hxg4 25. fxg4 Qd8 26. Rg1 Nf8 
27. b3 Qh4 28. Ref1 Rbe7 29. Rg2 Nfd7 30. Ne2 Qh8 31. Nd4 Bxd4 32. Qxd4 f6 
33. Qd2 g5 34. Qf2 Rh7 35. Bd4 Rh3 36. Bxf6 Nxf6 37. Qxf6 Qxf6 38. Rxf6 Rf8 
39. Rg6+ Kh7 40. Rxg5 Rf1+ 41. Rg1 Rf2 42. Rg2 Rf1+ 43. Rg1 Rf2 44. Rg2 Rf1+ 
1/2-1/2

[Event "Monday 22January Rapid Engine Tour 12+1 Rounds 9 Starts 1600 ST"]
[Site "Infinity Chess"]
[Date "2018.1.22"]
[Round "7"]
[White "Prometheus"]
[Black "KhalidOmar"]
[Result "1/2-1/2"]
[ECO "A00"]
[WhiteElo "2431"]
[BlackElo "2461"]
[WhiteEngine "Eman 1.58-64bit-IDeA"]
[BlackEngine "Eman 1.66 64-bit BMI2"]
[EventType "Swiss"]
[WhiteTeam ""]
[BlackTeam ""]
[PlyCount "160"]
[TimeControl "720+1"]

1. g3 e6 2. Nf3 d5 3. Bg2 c5 4. O-O Nf6 5. d4 cxd4 6. Nxd4 e5 7. Nf3 Nc6 
8. c4 d4 9. e3 Be7 10. exd4 exd4 11. Bf4 Be6 12. Ne5 Rc8 13. Nxc6 bxc6 
14. Be5 Bxc4 15. Re1 O-O 16. Qxd4 Be6 17. Nc3 Qa5 18. Qd1 Rfd8 19. Qe2 Ng4 
20. Bf4 Bb4 21. Rac1 Nf6 22. Be3 Nd5 23. Bxd5 cxd5 24. Bd4 Rc4 25. Qe3 Bf8 
26. Rcd1 h6 27. a3 Qa6 28. Ne2 Qb7 29. Nf4 Bg4 30. Rc1 Bf5 31. Ng2 Rdc8 
32. Rxc4 dxc4 33. Bc3 Rd8 34. Qf4 Be6 35. Ne3 Qc8 36. Rd1 Rxd1+ 37. Nxd1 Bc5 
38. Ne3 Bxe3 39. Qxe3 Qc6 40. f3 a6 41. Kf2 Bd5 42. g4 f6 43. Bb4 Qc7 
44. Kg2 Kh7 45. h4 Bb7 46. Bc3 Qd6 47. Qd4 Bd5 48. h5 Qe6 49. Kg3 Kg8 
50. Ba5 Qd6+ 51. Qf4 Qc6 52. Bb4 Qb6 53. Kg2 Kh8 54. Bc3 Kg8 55. Kf1 Qc6 
56. Kg2 Qe6 57. Kf2 Qb6+ 58. Bd4 Qc6 59. Qe3 Qd6 60. Kg2 Kh7 61. Bc5 Qc7 
62. Bd4 Qc6 63. Qf4 Qb7 64. a4 Kg8 65. Bc3 Qe7 66. Kg3 a5 67. Qf5 Qb7 
68. Bd2 Qc7+ 69. Kg2 Qb7 70. Kf2 Kh8 71. Bc3 Qb6+ 72. Kg2 Qd8 73. Kh3 Kg8 
74. Kh2 Qc7+ 75. Kh3 Qb7 76. Bxa5 Bxf3 77. Qe6+ Kh7 78. Qf5+ Kg8 79. Qe6+ Kh7 
80. Qf5+ Kg8 1/2-1/2

[Event "Monday 22January Rapid Engine Tour 12+1 Rounds 9 Starts 1600 ST"]
[Site "Infinity Chess"]
[Date "2018.1.22"]
[Round "7"]
[White "MarioDeMonti"]
[Black "BraveDevil"]
[Result "1/2-1/2"]
[ECO "B90"]
[WhiteElo "2464"]
[BlackElo "2387"]
[WhiteEngine "stockfish_x64_bmi2_2018_01_13_CTG"]
[BlackEngine "Cryptic AIL V1"]
[EventType "Swiss"]
[WhiteTeam ""]
[BlackTeam ""]
[PlyCount "106"]
[TimeControl "720+1"]

1. e4 c5 2. Nf3 d6 3. d4 cxd4 4. Nxd4 Nf6 5. Nc3 a6 6. Be3 e5 7. Nb3 Be7 
8. Nd2 b5 9. a4 b4 10. Nd5 Nxd5 11. exd5 a5 12. Bb5+ Nd7 13. Nc4 O-O 14. f3 Bg5 
15. Bxg5 Qxg5 16. Qd2 Qe7 17. O-O Nf6 18. f4 Qa7+ 19. Kh1 e4 20. Ne3 Bd7 
21. c4 bxc3 22. bxc3 Bxb5 23. axb5 Qc5 24. c4 a4 25. g4 a3 26. Ra2 Ra4 
27. Qc3 Rc8 28. Qb3 Rca8 29. g5 Nd7 30. Qc3 Qb4 31. Qxb4 Rxb4 32. Rfa1 Rb3 
33. Nf5 Kf8 34. Nxd6 Nc5 35. Kg1 g6 36. b6 Rxb6 37. Nb5 Ra4 38. Rxa3 Rxc4 
39. Ra8+ Ke7 40. Na7 Rb2 41. Nc6+ Kd6 42. Ne5 Rcc2 43. Rd8+ Kc7 44. d6+ Kb7 
45. d7 Rg2+ 46. Kh1 Rxh2+ 47. Kg1 Rhg2+ 48. Kh1 Rh2+ 49. Kg1 Rbg2+ 50. Kf1 Rf2+ 
51. Kg1 Rfg2+ 52. Kf1 Rf2+ 53. Kg1 Rfg2+ 1/2-1/2